 Dungeon Crawl Stone Soup version 0.30.1-4-g462c640d31 (webtiles) character file.

Game seed: 3966977742791523272

156 croobank the Sneak (level 5, 0/37 HPs)
             Began as an Octopode Delver on Aug 16, 2023.
             Slain by a bullfrog skeleton (6 damage)
             ... on level 5 of the Dungeon.
             The game lasted 00:02:51 (419 turns).

croobank the Sneak (Octopode Delver)                 Turns: 419, Time: 00:02:52

Health: 0/37       AC:  1    Str: 12    XL:     5   Next: 37%
Magic:  5/5        EV: 14    Int: 14    God:
Gold:   23         SH:  0    Dex: 13    Spells: 4/4 levels left

rFire   . . .        a - +0 short sword
rCold   . . .        (no shield)
rNeg    . . .        (helmet restricted)
rPois   .            (no amulet)
rElec   .            (no ring)
rCorr   .            (no ring)
SInv    .            (no ring)
Will    .....        (no ring)
Stlth   +++++        (no ring)
HPRegen 0.26/turn    (no ring)
MPRegen 0.09/turn    (no ring)
                     (no ring)

%: no passive effects
@: no status effects
A: almost no armour, amphibious, 8 rings, camouflage 1, gelatinous body 1,
(nimble swimmer 1), tentacles
a: no special abilities


You were on level 5 of the Dungeon.
You visited 1 branch of the dungeon, and saw 2 of its levels.

You collected 23 gold pieces.

Inventory:

Hand Weapons
 a - a +0 short sword (weapon)
Wands
 f - a wand of digging (3)
Scrolls
 b - a scroll of fog


   Skills:
 + Level 3.9 Fighting
 + Level 3.1 Short Blades
 + Level 3.1 Dodging
 + Level 7.5 Stealth


You had 4 spell levels left.
You didn't know any spells.
Your spell library was empty.

Dungeon Overview and Level Annotations

Branches:
Dungeon (6/15)
 Temple: D:4-7

Altars:


Innate Abilities, Weirdness & Mutations

You cannot wear most types of armour.
You are amphibious.
You can wear up to eight rings at the same time.
Your skin changes colour to match your surroundings (Stealth+).
Your rubbery body absorbs attacks. (AC +1, EV +1)
((You are camouflaged when in or above water. (Stealth+)))
You have tentacles for arms and can constrict up to eight enemies at once.


Message History

The phantom closely misses you.
You completely miss the phantom. Your squeeze misses the phantom.
The phantom is heavily damaged.
The phantom misses you.
You hit the phantom.
The phantom is severely damaged.
The phantom closely misses you.
You miss the phantom. You squeeze the phantom!
The phantom is almost destroyed.
You hit the phantom but do no damage.
You tentacle-slap the phantom, but do no damage.
You squeeze the phantom.
The phantom is almost destroyed.
The phantom hits you.
You hit the phantom but do no damage. Your squeeze misses the phantom.
The phantom is almost destroyed.
The phantom hits you!
The phantom blinks!
The phantom misses you.
The bullfrog skeleton attacks as you move away!
The bullfrog skeleton misses you.
You closely miss the phantom.
The phantom is almost destroyed.
The bullfrog skeleton misses you. The phantom barely misses you.
You hit the phantom but do no damage.
The phantom is almost destroyed.
The bullfrog skeleton misses you. The phantom hits you.
You hit the phantom.
The phantom is almost destroyed.
The bullfrog skeleton closely misses you.
The phantom hits you.
You closely miss the phantom.
The phantom is almost destroyed.
The bullfrog skeleton barely misses you.
The phantom hits you.
* * * LOW HITPOINT WARNING * * *
The phantom blinks!
The bullfrog skeleton hits you.
* * * LOW HITPOINT WARNING * * *
The bullfrog skeleton hits you.
You die...

*** *,* #.*,* ,,* *.##*##.*,**
*,* *,...,...,,, *,*
*##.###.#*** *,* #....#.####
*,* #.......... *,* ###
#....#.#### *,*
##Z######P.PP[..## *,*
#.@..............# ,,******
#...#####.###...## ,,,,,,,*
#°§☼# #.# ##.## ******,***
#°○○# #.####.# *,,,,,,* #☼○§#
#......#
*,,*,*,*****#...##########'##
*,,*,*,*,,,,.(.W.☼○§.####...##
*,,*,*,*,,,○.?./[☼○○...#.....##
*,,,,*,*,,,,,,[......#........#


You could see a phantom and a bullfrog skeleton.

Vanquished Creatures
  A water moccasin (D:5)
  A hound (D:5)
  An iguana (D:5)
3 creatures vanquished.

Notes
Turn   | Place    | Note
-------+----------+-------------------------------------------
     0 | D:5      | croobank the Octopode Delver began the quest for the Orb.
     0 | D:5      | Reached XP level 1. HP: 16/16 MP: 1/1
     4 | D:6      | Noticed a centaur
     5 | D:6      | Noticed a hound
    79 | D:5      | Noticed a phantom
    79 | D:5      | Noticed a water moccasin
   109 | D:5      | Noticed a hound
   109 | D:5      | Noticed an iguana
   115 | D:5      | Killed a hound
   116 | D:5      | Reached XP level 2. HP: 6/21 MP: 2/2
   116 | D:5      | Reached XP level 3. HP: 8/26 MP: 3/3
   130 | D:5      | Reached skill level 7 in Stealth
   280 | D:5      | Killed a water moccasin
   281 | D:5      | Reached XP level 4. HP: 25/33 MP: 4/4
   281 | D:5      | Reached XP level 5. HP: 28/37 MP: 5/5
   419 | D:5      | Slain by a bullfrog skeleton

Illustrated notes

Levels and vault maps discovered:
D:5:      layout_loops_corners, serial_undead, serial_undead_a, serial_undead_e,
          serial_undead_e, serial_undead_e, lemuel_flame_loot_1
D:6:      layout_basic, fedhas_altar_1, grunt_decor_cap, serial_park_tiny_1,
          ebering_dispersal_statue_hall

Skill      XL: |  1  2  3 |
---------------+----------+-----
Stealth        | 7 |  7.5
Short Blades   | 3 |  3.1
Dodging        | 3 |  3.1
Fighting       | |  3.9

Action                     |  1- 3 |  4- 6 || total
---------------------------+-------+-------++-------
  Melee: Short sword       |    21 |    19 ||    40
         Tentacles         |    10 |     4 ||    14
         Constrict         |     3 |       ||     3
         Punch             |       |     2 ||     2
    Use: Scroll            |     3 |       ||     3
         Potion            |     1 |       ||     1
  Dodge: Dodged            |    12 |    14 ||    26
